 Dungeon Crawl Stone Soup version 0.18-a0-1572-g0a86841 (webtiles) character file.

7 Oddball22 the Stinger (level 2, -1/17 HPs)
             Began as an Octopode Venom Mage on Mar 15, 2016.
             Slain by an ooze (5 damage)
             ... on level 1 of the Dungeon.
             The game lasted 00:00:52 (262 turns).

Oddball22 the Stinger (Octopode Venom Mage)          Turns: 262, Time: 00:00:52

Health: -1/17      AC:  1    Str: 12    XL:     2   Next: 0%
Magic:  4/5        EV: 12    Int: 17    God:
Gold:   32         SH:  0    Dex: 12    Spells: 1 memorised, 4 levels left

rFire  x . .     SeeInvis +     (no weapon)
rCold  + . .     Gourm    .     (no shield)
rNeg   . . .     Faith    .     (helmet restricted)
rPois  .         Spirit   .     (no amulet)
rElec  .         Dismiss  .     e - ring of ice
rCorr  .         Reflect  .     h - ring of see invisible (curse)
SustAt .         Harm     .     (no ring)
MR     .....                    (no ring)
Stlth  +++.......               (no ring)
                                (no ring)
                                (no ring)
                                (no ring)

@: mighty, not resistant to hostile enchantments, fairly stealthy
A: almost no armour, amphibious, 8 rings, constrict 8, camouflage 1, gelatinous
body 1
a: no special abilities


You were on level 1 of the Dungeon.
You were not hungry.

You visited 1 branch of the dungeon, and saw 1 of its levels.

You collected 32 gold pieces.

Inventory:

Jewellery
 e - a ring of ice (left tentacle)
 h - a cursed ring of see invisible (right tentacle)
Scrolls
 c - a scroll of teleportation {unknown}
 d - a scroll of blinking {unknown}
 f - a scroll of immolation {unknown}
 g - a scroll of identify {unknown}
Books
 a - a Young Poisoner's Handbook

   Spells                             Type                      Level
   a - Sting                          Conjuration/Poison           1
   b - Cure Poison                    Poison                       2
   c - Mephitic Cloud                 Conjuration/Poison/Air       3
   d - Olgreb's Toxic Radiance        Poison                       4
   e - Venom Bolt                     Conjuration/Poison           5
Comestibles
 b - a bread ration
 i - 3 chunks of flesh
 j - a slice of pizza


   Skills:
 - Level 2.0 Dodging
 - Level 2.6 Stealth
 * Level 2.2 Spellcasting
 + Level 0.2 Conjurations
 + Level 5.0 Poison Magic


You had 4 spell levels left.
You knew the following spells:

 Your Spells              Type           Power        Failure   Level  Hunger
a - Sting                 Conj/Pois      ##..         10%         1    #......


Dungeon Overview and Level Annotations

Branches:
Dungeon (1/15)

Altars:


Innate Abilities, Weirdness & Mutations

You cannot wear most types of armour.
You are amphibious.
You can wear up to eight rings at the same time.
You can use your tentacles to constrict eight enemies at once.
Your skin changes colour to match your surroundings (Stealth).
Your rubbery body absorbs attacks (AC +1).


Message History

The ooze hits you.
You barely miss the ooze. The ooze hits you.
You tentacle-slap the ooze.
The ooze is lightly wounded.
The ooze barely misses you.
You tentacle-slap the ooze but do no damage.
The ooze is lightly wounded.
The ooze hits you.
You tentacle-slap the ooze.
The ooze is moderately wounded.
The ooze barely misses you.
You tentacle-slap the ooze but do no damage.
The ooze is moderately wounded.
The ooze hits you.
* * * LOW HITPOINT WARNING * * *
Drink which item? (? for menu, Esc to quit)
It was a potion of might.
You feel very mighty all of a sudden. The ooze hits you.
You die...

........##..............#
........##.#.#..........#
........##.#.#..........#
...............#...######
......................##
.......................##
..#######...............#
.......J................#
#.######@......♣♣♣♣♣♣...#
#....>............#
####.#......♣♣♣♣♣♣...#
#..............[....♣♣
#######.##...........♣.P
##.....+####...######♣♣.♣
##.......## ###.[## ♣..
##.........## ##>..####♣♣..
##...........###..#.##..♣♣♣♣


You could see an ooze.

Vanquished Creatures
  2 bats (D:1)
  A giant cockroach (D:1)
  A hobgoblin (D:1)
  A kobold (D:1)
  A rat (D:1)
6 creatures vanquished.

Notes
Turn   | Place    | Note
--------------------------------------------------------------
     0 | D:1      | Oddball22 the Octopode Venom Mage began the quest for the Orb.
     0 | D:1      | Reached XP level 1. HP: 11/11 MP: 3/3
   131 | D:1      | Reached skill level 5 in Poison Magic
   133 | D:1      | Reached XP level 2. HP: 17/17 MP: 0/5
   262 | D:1      | Slain by an ooze

Vault maps used:
D:1:      lemuel_arrival_rhombus, serial_forest, infiniplex_forest_lined_corner,
          infiniplex_forest_lined_corner, infiniplex_forest_end_3,
          infiniplex_forest_straight_2, infiniplex_forest_end_2,
          infiniplex_forest_lined_1, infiniplex_forest_end_2

Skill      XL: |  1 |
---------------+----+-----
Poison Magic   | 5 |  5.0
Dodging        | |  2.0
Stealth        | |  2.6
Spellcasting   | |  2.2
Conjurations   | |  0.2

Action                   || total
-------------------------++-------
Melee: Unarmed           ||    10
 Cast: Sting             ||     9
  Use: Potion            ||     1
